 Dungeon Crawl Stone Soup version 0.31.0-11-ge490571c62 (webtiles) character file.

Game seed: 13519867595536950278

609 AlmostDecent the Chopper (level 7, 0/44 HPs)
             Began as a Gargoyle Fighter on Jan 29, 2024.
             Was a Follower of Okawaru.
             Incinerated by a bombardier beetle (6 damage)
             ... with a burning spray
             ... on level 4 of the Dungeon.
             The game lasted 00:08:12 (2347 turns).

AlmostDecent the Chopper (Gargoyle Fighter)         Turns: 2347, Time: 00:08:13

Health: 0/44       AC: 17    Str: 22    XL:     7   Next: 43%
Magic:  5/7        EV: 11    Int:  8    God:    Okawaru [*.....]
Gold:   117        SH:  5    Dex:  9    Spells: 6/6 levels left

rFire   . . .        a - +0 war axe
rCold   . . .        c - +0 buckler
rNeg    + . .        b - +0 scale mail
rPois   ∞            j - +0 helmet
rElec   +            l - +0 cloak
rCorr   .            p - +0 pair of gloves
SInv    .            (no boots)
Will    .....        f - amulet of regeneration
Stlth   +            (no ring)
HPRegen 1.07/turn    (no ring)
MPRegen 0.10/turn

%: no passive effects
@: on fire, heroic, glowing
A: sickness immunity, AC +4, negative energy resistance 1, electricity
resistance, torment resistance 1, petrification resistance
a: Renounce Religion, Heroism


You were on level 4 of the Dungeon.
You worshipped Okawaru.
Okawaru was aware of your devotion.
You visited 1 branch of the dungeon, and saw 4 of its levels.

You collected 117 gold pieces.

Inventory:

Hand Weapons
 a - a +0 war axe (weapon)
 m - a +2 quarterstaff of chaos
Armour
 b - a +0 scale mail (worn)
 c - a +0 buckler (worn)
 j - a +0 helmet (worn)
 l - a +0 cloak (worn)
 p - a +0 pair of gloves (worn)
Jewellery
 f - an amulet of regeneration (around neck)
Scrolls
 h - 5 scrolls of identify
 i - a scroll of teleportation
 n - a scroll of revelation {unknown}
 q - a scroll of fog {unknown}
 r - a scroll of immolation {unknown}
Potions
 d - a potion of haste {unknown}
 e - 3 potions of enlightenment
 g - 2 potions of mutation {unknown}
 k - a potion of heal wounds {unknown}
 o - a potion of might


   Skills:
 + Level 4.9(9.9) Fighting
 * Level 6.6(11.6) Axes
 - Level 3.2(8.2) Armour
 - Level 3.2(8.2) Shields


You had 6 spell levels left.
You didn't know any spells.
Your spell library was empty.

Dungeon Overview and Level Annotations

Branches:
Dungeon (4/15)
 Temple: D:4-7

Altars:
Gozag
Hepliaklqana
Okawaru

Shops:
D:1 =   D:2 (


Innate Abilities, Weirdness & Mutations

You are immune to sickness and miasma.
Your stone body is resilient. (AC +4)
You are immune to poison.
You resist negative energy. (rN+)
You are resistant to electric shocks. (rElec)
You are resistant to unholy torment.
You are immune to petrification.


Message History

The liquid fire burns you!
You hit the bombardier beetle but do no damage.
The liquid fire burns you!
The bombardier beetle bites you but does no damage.
You hit the bombardier beetle but do no damage.
The liquid fire burns you!
The bombardier beetle closely misses you.
You closely miss the bombardier beetle. The liquid fire burns you!
The bombardier beetle closely misses you.
You barely miss the bombardier beetle. The liquid fire burns you!
You barely miss the bombardier beetle. The liquid fire burns you!
The bombardier beetle sprays incendiary fluid at you.
The burning spray hits you.
You are even more covered in liquid fire!
You are too injured to fight recklessly!
You are too injured to fight recklessly!
You are too injured to fight recklessly!
You gain the combat prowess of a mighty hero.
The liquid fire burns you!
The bombardier beetle barely misses you.
You barely miss the bombardier beetle. The liquid fire burns you!
* * * LOW HITPOINT WARNING * * *
You hit the bombardier beetle.
The bombardier beetle is lightly wounded.
The liquid fire burns you!
* * * LOW HITPOINT WARNING * * *
You block the bombardier beetle's attack.
You slash the bombardier beetle!
The bombardier beetle is heavily wounded.
The liquid fire burns you!
* * * LOW HITPOINT WARNING * * *
You slash the bombardier beetle!
You kill the bombardier beetle!
Okawaru accepts your kill. The liquid fire burns you!
You die...

##..# #.. #..# ##.. ...
#..# ##.. #... #..#
##..# #..# #..# #...#
#..# #..# #...###..#
##..#####.......#
###....)#.........#
.......)).......@..#
#................†.....#
#..............(.......#
##.....................#
##.....................
+#..##............#...
##. ##.........#####. ##
.........## .........


There were no monsters in sight!

Vanquished Creatures
  Grinder (D:3)
  Sigmund (D:2)
  A bombardier beetle (D:4)
  An orc priest (D:3)
  Crazy Yiuf (D:2)
  Natasha (D:4)
  Robin (D:3)
  7 gnolls
  3 adders
  A ribbon worm (D:3)
  7 orcs
  3 endoplasms (D:2)
  2 giant cockroaches (D:2)
  10 goblins
  8 hobgoblins
  3 jackals (D:2)
  A quokka (D:2)
  4 ball pythons
  4 bats
  2 frilled lizards (D:1)
  3 kobolds
  8 rats
73 creatures vanquished.

Notes
Turn   | Place    | Note
-------+----------+-------------------------------------------
     0 | D:1      | AlmostDecent the Gargoyle Fighter began the quest for the
                  | Orb.
     0 | D:1      | Reached XP level 1. HP: 14/14 MP: 1/1
    44 | D:1      | Reached skill level 2 in Axes
   141 | D:1      | Found Oclok's Jewellery Boutique.
   225 | D:1      | Reached XP level 2. HP: 19/19 MP: 2/2
   593 | D:2      | Found a hazy altar of Hepliaklqana.
   632 | D:2      | Identified the +0 leather armour of Sixeagh {Int+8 Slay-3}
   650 | D:2      | Reached XP level 3. HP: 16/24 MP: 3/3
   657 | D:2      | Reached skill level 3 in Axes
   695 | D:2      | Reached XP level 4. HP: 26/29 MP: 4/4
   700 | D:2      | Noticed Sigmund
   742 | D:2      | Killed Sigmund
   743 | D:2      | Reached skill level 4 in Axes
   743 | D:2      | Reached XP level 5. HP: 31/34 MP: 5/5
   785 | D:2      | Found Noeno's Antique Weapon Boutique.
   846 | D:2      | Reached XP level 6. HP: 38/39 MP: 6/6
  1392 | D:2      | Found a runed translucent door.
  1393 | D:2      | Noticed Crazy Yiuf
  1401 | D:2      | Killed Crazy Yiuf
  1402 | D:2      | Reached skill level 5 in Axes
  1514 | D:3      | Noticed Grinder
  1525 | D:3      | Killed Grinder
  1526 | D:3      | Reached skill level 6 in Axes
  1526 | D:3      | Reached XP level 7. HP: 35/44 MP: 7/7
  1830 | D:3      | Found a faded altar of an unknown god.
  1852 | D:3      | Noticed Robin
  1860 | D:3      | Killed Robin
  1889 | D:3      | Prayed at the altar of an unknown god.
  1889 | D:3      | Became a worshipper of Warmaster Okawaru
  1889 | D:3      | Reached * piety under Okawaru
  2059 | D:3      | Found an opulent altar of Gozag.
  2313 | D:4      | Noticed Natasha
  2322 | D:4      | Killed Natasha
  2347 | D:4      | Incinerated by a bombardier beetle

Illustrated notes

Levels and vault maps discovered:
D:1:      wander_arrival_desolate, layout_basic, serial_shops,
          nicolae_shop_peninsula
D:2:      layout_loops_cross, basic_altar, serial_shops,
          nicolae_shop_real_fake_doors, minmay_pentomino_p4,
          uniq_crazy_yiuf_cottage, uniq_sigmund
D:3:      layout_basic, old_standard_altar, ebering_ecumenical_altar_webs,
          supply_closet_lemuel, uniq_grinder, uniq_robin
D:4:      layout_layer_cave, kennysheep_vampire_church, tso_metal_star,
          nicolae_qazlal_beasts_of_the_sky, uniq_natasha

Skill      XL: |  1  2  3  4  5  6 |
---------------+-------------------+-----
Axes           | 2 3 4 6 |  6.6
Fighting       | 4 |  4.9
Armour         | |  3.2
Shields        | |  3.2

Action                     |  1- 3 |  4- 6 |  7- 9 || total
---------------------------+-------+-------+-------++-------
  Melee: War axe           |    40 |    54 |    84 ||   178
 Invoke: Heroism           |       |       |     2 ||     2
    Use: Potion            |     1 |     1 |       ||     2
         Scroll            |       |     4 |       ||     4
 Armour: Scale mail        |    38 |    48 |    51 ||   137
  Dodge: Dodged            |    26 |    25 |    40 ||    91
  Block: Buckler           |    11 |     8 |    18 ||    37
